 Dungeon Crawl Stone Soup version 0.29-a0-892-g2c4c91d9db (webtiles) character file.

Game seed: 208073580048755498

1381 jimonade the Covert (level 8, -6/64 HPs)
             Began as a Gnoll Brigand on July 22, 2022.
             Mangled by a gnoll
             ... wielding a +0 halberd
             ... led by a gnoll sergeant
              (12 damage)
             ... on level 6 of the Dungeon.
             The game lasted 00:16:21 (8589 turns).

jimonade the Covert (Gnoll Brigand)                 Turns: 8589, Time: 00:16:22

Health: -6/64      AC:  6    Str: 11    XL:     8   Next: 67%
Magic:  13/13      EV: 13    Int: 10    God:
Gold:   279        SH:  0    Dex: 16    Spells: 14/14 levels left

rFire   . . .      SeeInvis .   b - +2 dagger (venom)
rCold   . . .      Faith    .   (no shield)
rNeg    + . .      Spirit   .   u - +0 leather armour
rPois   +          Reflect  .   Q - +0 helmet
rElec   .          Harm     .   c - +0 cloak
rCorr   .          Rampage  .   s - +0 pair of gloves
Will    .....                   (no boots)
Stlth   ++++......              (no amulet)
HPRegen 0.20/turn               p - ring of poison resistance
MPRegen 0.13/turn               v - ring of positive energy

@: no status effects
A: fangs 1, strong nose, distributed training
a: no special abilities


You were on level 6 of the Dungeon.
You visited 1 branch of the dungeon, and saw 6 of its levels.
You also visited: Ossuary.

You collected 279 gold pieces.

Inventory:

Hand Weapons
 a - a +3 short sword
 b - a +2 dagger of venom (weapon)
 l - a +2 dagger
 n - a +0 dagger of pain
 B - a +0 sling
 C - a +0 spear
 P - a +0 shortbow
Missiles
 d - 14 poisoned darts (quivered)
 e - 3 curare-tipped darts
 k - 53 stones
 y - 2 throwing nets
 O - 2 boomerangs
Armour
 c - a +0 cloak (worn)
 g - +0 storm dragon scales
 s - a +0 pair of gloves (worn)
 u - a +0 leather armour (worn)
 w - a +0 scale mail
 Q - a +0 helmet (worn)
 R - a +0 robe
Jewellery
 p - a ring of poison resistance (left hand)
 v - a ring of positive energy (right hand)
Wands
 N - a wand of mindburst (12)
Scrolls
 m - 2 scrolls of brand weapon {unknown}
 o - 2 scrolls of poison {unknown}
 q - a scroll of butterflies {unknown}
 A - a scroll of amnesia {unknown}
 D - a scroll of torment {unknown}
 E - 3 scrolls of enchant armour {unknown}
 F - a scroll of teleportation {unknown}
 G - a scroll of noise {unknown}
 H - a scroll of fear {unknown}
 I - 3 scrolls of immolation {unknown}
 K - 2 scrolls of magic mapping {unknown}
 L - a scroll of vulnerability {unknown}
Potions
 f - 2 potions of lignification
 h - 6 potions of curing
 i - a potion of invisibility {unknown}
 j - 3 potions of flight
 r - a potion of brilliance {unknown}
 t - a potion of cancellation {unknown}
 x - a potion of attraction {unknown}
 z - a potion of mutation {unknown}
 J - a potion of magic {unknown}
 M - 2 potions of ambrosia {unknown}


   Skills:
 + Level 5.9 Fighting
 + Level 5.9 Short Blades
 + Level 3.6 Long Blades
 + Level 3.6 Axes
 + Level 3.6 Maces & Flails
 + Level 3.6 Polearms
 + Level 3.6 Staves
 + Level 3.6 Ranged Weapons
 + Level 5.9 Throwing
 + Level 3.6 Armour
 + Level 4.5 Dodging
 + Level 8.6 Stealth
 + Level 3.6 Shields
 + Level 3.6 Unarmed Combat
 + Level 3.6 Spellcasting
 + Level 3.0 Conjurations
 + Level 3.0 Hexes
 + Level 3.0 Summonings
 + Level 3.0 Necromancy
 + Level 3.0 Translocations
 + Level 3.0 Transmutations
 + Level 3.0 Fire Magic
 + Level 3.0 Ice Magic
 + Level 3.0 Air Magic
 + Level 3.0 Earth Magic
 + Level 3.0 Poison Magic
 + Level 4.0 Invocations
 + Level 3.6 Evocations


You had 14 spell levels left.
You didn't know any spells.
Your spell library contained the following spells:

 Spells                   Type           Power      Damage    Failure   Level
 Magic Dart               Conj           28%        1d4       10%         1
 Call Imp                 Summ           7%         N/A       16%         2
 Poisonous Vapours        Pois/Air       14%        N/A       16%         2
 Mephitic Cloud           Conj/Pois/Air  7%         N/A       30%         3
 Corpse Rot               Necr/Pois/Air  7%         N/A       69%         4
 Dispel Undead            Necr           7%         3d8       69%         4
 Death Channel            Necr           3%         N/A       100%        6


Dungeon Overview and Level Annotations

Branches:
Dungeon (6/15)             Temple (0/1) D:6         Ossuary (visited)

Altars:
Hepliaklqana
Ru

Annotations:
D:2 Sigmund
D:5 exclusions: downstairs and 2 wights
D:6 Duvessa, Pikel


Innate Abilities, Weirdness & Mutations

You have very sharp teeth.
Your uncanny sense of smell can sniff out nearby items.
Your experience applies equally to all skills.


Message History

Aiming: Mindburst
Press: ? - help, Shift-Dir - straight line, f - gnoll sergeant
Aim: a gnoll sergeant, wielding a +0 spear and wearing a +0 scale mail (chance to affect: 78%)
The gnoll sergeant's mind is blasted!!
The gnoll sergeant hits you but does no damage.
A gnoll comes into view. It is wielding a +0 whip.
Aiming: Mindburst
Press: ? - help, Shift-Dir - straight line, f/p - gnoll sergeant
Aim: a gnoll sergeant, wielding a +0 spear and wearing a +0 scale mail (severely wounded, chance to affect: 78%)
The gnoll sergeant's mind is blasted!
You blow up the gnoll sergeant!
You hear a shout!
The gnoll closely misses you.
Your life force feels restored.
Your Conjurations skill increases to level 3!
Your Hexes skill increases to level 3!
Your Summonings skill increases to level 3!
Your Necromancy skill increases to level 3!
Your Translocations skill increases to level 3!
Your Transmutations skill increases to level 3!
Your Fire Magic skill increases to level 3!
Your Ice Magic skill increases to level 3!
Your Air Magic skill increases to level 3!
Your Earth Magic skill increases to level 3!
Your Poison Magic skill increases to level 3!
Your Invocations skill increases to level 4!
Aiming: Mindburst
Press: ? - help, Shift-Dir - straight line, f - gnoll
Aim: a gnoll, wielding a +0 halberd (chance to affect: 84%)
The gnoll barely resists.
A gnoll comes into view. It is wielding a +0 halberd.
The gnoll closely misses you.
Unknown command.
Aiming: Mindburst
Press: ? - help, Shift-Dir - straight line, f/p - gnoll
Aim: a gnoll, wielding a +0 halberd (chance to affect: 84%)
The gnoll's mind is blasted!
You hear a shout!
The gnoll hits you from afar with a +0 halberd!
You die...

###......###.....
#.......## .....
........# ....
g....g..#### .....
#....#..#..# .....
##..##.....#....<.
#..##.##.#.#.....
##...†..g#...##
#..##..gg@...# .....
##.).....#
..###.).............
. ....##...##.....
#.### ##### ##... #
.. #


You could see 3 gnolls.

Vanquished Creatures
  An orc warrior (D:5)
  A centaur (D:5)
  A lemure (D:6)
  4 phantoms
  2 scorpions (D:5)
  A gnoll sergeant (D:6)
  2 wights
  Dowan (D:6)
  3 centaur zombies (Ossuary)
  2 hounds (D:5)
  An orc priest (D:5)
  Jessica (D:2)
  2 iguanas
  2 ogre zombies (Ossuary)
  7 mummies (Ossuary)
  5 gnolls
  3 adders
  A white imp (D:5)
  An ufetubus (D:5)
  2 adder zombies (Ossuary)
  A worm (D:3)
  2 dart slugs
  9 orcs
  9 ball pythons
  2 bats (D:3)
  2 endoplasms (D:4)
  3 giant cockroaches
  6 goblins
  8 hobgoblins
  8 jackals (D:4)
  2 kobolds
  3 quokkas
  4 frilled lizards
  3 goblin zombies (Ossuary)
  11 hobgoblin zombies
  2 kobold zombies (Ossuary)
  An orc zombie (D:5)
  4 quokka zombies (Ossuary)
  3 rats
  4 rat zombies (Ossuary)
130 creatures vanquished.

Notes
Turn   | Place    | Note
-------+----------+-------------------------------------------
     0 | D:1      | jimonade the Gnoll Brigand began the quest for the Orb.
     0 | D:1      | Reached XP level 1. HP: 20/20 MP: 1/1
    82 | D:1      | Found a faded altar of an unknown god.
   417 | D:1      | Reached XP level 2. HP: 26/26 MP: 2/2
  1057 | D:2      | Found a hazy altar of Hepliaklqana.
  1065 | D:2      | Noticed Jessica
  1075 | D:2      | Killed Jessica
  1076 | D:2      | Reached skill level 1 in Invocations
  1076 | D:2      | Reached XP level 3. HP: 31/31 MP: 2/4
  1201 | D:2      | Reached skill level 1 in Long Blades
  1201 | D:2      | Reached skill level 1 in Axes
  1201 | D:2      | Reached skill level 1 in Maces & Flails
  1201 | D:2      | Reached skill level 1 in Polearms
  1201 | D:2      | Reached skill level 1 in Staves
  1201 | D:2      | Reached skill level 1 in Ranged Weapons
  1201 | D:2      | Reached skill level 1 in Armour
  1201 | D:2      | Reached skill level 1 in Shields
  1201 | D:2      | Reached skill level 1 in Unarmed Combat
  1201 | D:2      | Reached skill level 1 in Spellcasting
  1201 | D:2      | Reached skill level 1 in Evocations
  1417 | D:2      | Noticed Sigmund
  1560 | D:2      | Reached XP level 4. HP: 35/38 MP: 5/5
  2076 | D:3      | Reached skill level 1 in Conjurations
  2076 | D:3      | Reached skill level 1 in Hexes
  2076 | D:3      | Reached skill level 1 in Summonings
  2076 | D:3      | Reached skill level 1 in Necromancy
  2076 | D:3      | Reached skill level 1 in Translocations
  2076 | D:3      | Reached skill level 1 in Transmutations
  2076 | D:3      | Reached skill level 1 in Fire Magic
  2076 | D:3      | Reached skill level 1 in Ice Magic
  2076 | D:3      | Reached skill level 1 in Air Magic
  2076 | D:3      | Reached skill level 1 in Earth Magic
  2076 | D:3      | Reached skill level 1 in Poison Magic
  2997 | D:4      | Reached XP level 5. HP: 43/43 MP: 7/7
  3004 | D:4      | Noticed a phantom
  3150 | D:4      | Found a sacrificial altar of Ru.
  3534 | D:4      | Killed a phantom
  3535 | D:4      | Reached skill level 8 in Stealth
  3535 | D:4      | Reached XP level 6. HP: 41/50 MP: 8/8
  3748 | D:5      | Entered Level 5 of the Dungeon
  3748 | D:5      | Found a sand-covered staircase.
  3764 | Ossuary  | Entered an ossuary
  4068 | Ossuary  | Reached skill level 5 in Fighting
  4068 | Ossuary  | Reached skill level 5 in Short Blades
  4068 | Ossuary  | Reached skill level 5 in Throwing
  5260 | Ossuary  | Reached XP level 7. HP: 55/56 MP: 10/10
  7134 | D:5      | Reached XP level 8. HP: 56/63 MP: 12/12
  8020 | D:6      | Found a staircase to the Ecumenical Temple.
  8051 | D:6      | Noticed Dowan
  8072 | D:6      | Killed Dowan
  8075 | D:6      | Noticed Duvessa
  8556 | D:6      | Noticed Pikel
  8589 | D:6      | Mangled by a gnoll

Illustrated notes

Levels and vault maps discovered:
D:1:      dpeg_arrival_castle, layout_basic, ebering_ecumenical_altar_petrified,
          bh_walls_and_bars
D:2:      layout_basic, basic_altar, uniq_sigmund, uniq_jessica
D:3:      layout_rooms, minmay_ruptured
D:4:      layout_basic, nicolae_ru_sacrificial_ziggurat
D:5:      minmay_chambers_of_fours, layout_rooms, enter_ossuary_3
D:6:      layout_cave_pools, mainiacjoe_overflow_paths,
          minmay_temple_entry_mini_moons, hangedman_decor_slide_cut,
          minivault_5, uniq_menkaure, uniq_crazy_yiuf_cottage, uniq_pikel,
          uniq_duvessa

Skill      XL: |  1  2  3  4  5  6  7  8 |
---------------+-------------------------+-----
Invocations    | 1 2 3 4 |  4.0
Long Blades    | 1 2 3 |  3.6
Axes           | 1 2 3 |  3.6
Maces & Flails | 1 2 3 |  3.6
Polearms       | 1 2 3 |  3.6
Staves         | 1 2 3 |  3.6
Ranged Weapons | 1 2 3 |  3.6
Armour         | 1 2 3 |  3.6
Shields        | 1 2 3 |  3.6
Unarmed Combat | 1 2 3 |  3.6
Spellcasting   | 1 2 3 |  3.6
Evocations     | 1 2 3 |  3.6
Conjurations   | 1 2 3 |  3.0
Hexes          | 1 2 3 |  3.0
Summonings     | 1 2 3 |  3.0
Necromancy     | 1 2 3 |  3.0
Translocations | 1 2 3 |  3.0
Transmutations | 1 2 3 |  3.0
Fire Magic     | 1 2 3 |  3.0
Ice Magic      | 1 2 3 |  3.0
Air Magic      | 1 2 3 |  3.0
Earth Magic    | 1 2 3 |  3.0
Poison Magic   | 1 2 3 |  3.0
Dodging        | 3 4 |  4.5
Stealth        | 8 |  8.6
Fighting       | 5 |  5.9
Short Blades   | 5 |  5.9
Throwing       | 5 |  5.9

Action                   |  1- 3 |  4- 6 |  7- 9 || total
-------------------------+-------+-------+-------++-------
Melee: Dagger            |    55 |   291 |   238 ||   584
       Bite              |     7 |    42 |    43 ||    92
       Punch             |       |     5 |    14 ||    19
Throw: Dart              |       |    10 |    16 ||    26
Evoke: Wand              |       |       |     6 ||     6
  Use: Scroll            |       |       |     3 ||     3
 Stab: Sleeping          |     7 |    28 |     3 ||    38
       Distracted        |       |     1 |       ||     1
Armor: Robe              |     9 |       |       ||     9
       Leather armour    |       |    59 |    42 ||   101
Dodge: Dodged            |    21 |   145 |   104 ||   270

Table legend: (Time is in decaauts)
 A = Elapsed time spent in this place.
 B = Non-inter-level travel time spent in this place.
 C = Inter-level travel time spent in this place.
 D = Time resting spent in this place.
 E = Time spent auto-exploring this place.
 F = Levels seen in this place.
 G = Mean time per level.
                   A        B        C        D        E       F      G
               +--------+--------+--------+--------+--------+-----+--------+
         Total |   8447 |   8100 |    347 |   3060 |   3280 |   7 | 1206.7 |
       Dungeon |   6354 |   6007 |    347 |   1956 |   2890 |   6 | 1059.0 |
       Ossuary |   2092 |   2092 |      0 |   1104 |    390 |   1 | 2092.0 |
               +--------+--------+--------+--------+--------+-----+--------+

Top non-repeatable levels by time:
 Ossuary: 2092 daAuts
     D:5: 1719 daAuts
     D:4: 1499 daAuts
     D:2: 1137 daAuts
     D:3: 914 daAuts
     D:1: 871 daAuts
     D:6: 210 daAuts
